 Dungeon Crawl Stone Soup version 0.17-a0-2122-g03d97ec (webtiles) character file.

627 Duffy the Chopper (level 7, 35/35 HPs)
             Began as a Vine Stalker Berserker on Oct 21, 2015.
             Was an Elder of Trog.
             Quit the game on level 4 of the Dungeon.
             The game lasted 00:05:24 (3308 turns).

Duffy the Chopper (Vine Stalker Berserker)          Turns: 3308, Time: 00:05:24

Health: 35/35      AC:  8    Str: 19    XL:     7   Next: 48%
Magic:  8/8        EV: 11    Int:  8    God:    Trog [****..]
Gold:   21         SH:  0    Dex: 15    Spells: 0 memorised, 6 levels left

rFire  . . .     SeeInvis .     r - +0 war axe
rCold  . . .     Clarity  .     m - +0 ring mail
rNeg   . . .     SustAt   .     (no shield)
rPois  +         Gourm    .     (no helmet)
rElec  .         Spirit   +     n - +0 cloak
rCorr  .         Warding  .     p - +0 pair of gloves
rMut   .         Stasis   .     (no boots)
MR     .....                    (no amulet)
Stlth  +.........               G - +1 ring of protection
                                H - ring of poison resistance

@: not resistant to hostile enchantments, very unstealthy
A: fangs 2, regeneration 2, magic shield, antimagic bite, no device heal 3, rot
immunity
a: Berserk, Trog's Hand, Brothers in Arms, Burn Spellbooks, Renounce Religion


You were on level 4 of the Dungeon.
You worshipped Trog.
Trog was greatly pleased with you.
You were not hungry.

You visited 1 branch of the dungeon, and saw 4 of its levels.
You also visited: Sewer.

You collected 267 gold pieces.
You spent 246 gold pieces at shops.


Innate Abilities, Weirdness & Mutations

You have extremely sharp teeth.
You heal very quickly.
When hurt, damage is shared between your health and your magic reserves.
Your bite disrupts and absorbs the magic of your enemies.
Potions and wands cannot restore your health.
You are immune to rotting.


   Skills:
 + Level 2.8 Fighting
 * Level 7.6 Axes
 + Level 1.7 Armour
 - Level 1.5 Dodging


You had 6 spell levels left.
You didn't know any spells.

Inventory:

Hand Weapons
 r - a +0 war axe (weapon)
 A - a +0 blowgun
Missiles
 g - 2 exploding sling bullets
 h - 25 arrows
 k - 135 stones (quivered)
 u - 66 poisoned needles
 w - 19 bolts
Armour
 b - a +0 animal skin
 m - a +0 ring mail (worn)
 n - a +0 cloak (worn)
 p - a +0 pair of gloves (worn)
Jewellery
 l - an uncursed ring of see invisible
 E - an uncursed ring of ice
 G - a +1 ring of protection (right hand)
 H - a ring of poison resistance (left hand)
Wands
 z - a wand of frost (19)
 F - a wand of random effects (17)
Scrolls
 j - a scroll of fear {unknown}
 o - 5 scrolls of remove curse
 q - 3 scrolls of fog {unknown}
 v - 2 scrolls of enchant armour {unknown}
 y - 3 scrolls of teleportation
 D - a scroll of recharging {unknown}
 J - a scroll of magic mapping
Potions
 e - 6 potions of might
 i - 2 potions of agility
 s - a potion of brilliance
 t - a potion of magic {unknown}
 x - 2 potions of ambrosia
 I - 5 potions of curing
 K - 3 potions of flight
Comestibles
 c - 6 bread rations
 d - 3 beef jerkies
 f - 2 slices of pizza
 B - a meat ration
 C - 3 fruits

Dungeon Overview and Level Annotations

Branches:
Dungeon (4/15)
 Temple: D:4-7

Altars:

Shops:
D:4 ?(


Message History

No target in view!
No target in view!
No target in view!
No target in view!
No target in view!
No target in view!
Found a stone staircase leading up.
A centaur skeleton comes into view.
You hit the centaur skeleton.
The centaur skeleton hits you but does no damage.
The centaur skeleton closely misses you.
You slash the centaur skeleton! You bite the centaur skeleton.
You drain its power. The centaur skeleton barely misses you.
You slash the centaur skeleton!
You destroy the centaur skeleton!
No target in view!
No target in view!
No target in view!
No target in view!
No target in view!
No target in view!
No target in view!
No target in view!
No target in view!
No target in view!
No target in view!
No target in view!
No target in view!
No target in view!
Are you sure you want to abandon this character and quit the game? (Confirm with "yes".)
Okay, then.
Welcome back, Duffy the Vine Stalker Berserker.
Trog says: Kill them all!
Press ? for a list of commands and other information.
Are you sure you want to abandon this character and quit the game? (Confirm with "yes".)

##...........##.##
#...## #....
#...........#..#
##...# #.##.
##..........#.##
#.#.# #.#..
##........##.#
#.#.###.... .
##......####.####
#.#..##.∩.#
)##..####.##...#..
..##.......
....### #.##.###.#
######..###
##....# #....###<#
#........ ...##.#
###.†...@##
#...!.... .###
.##......#...#
#..∩..... .#
#..##.#####.#
#####.### .# ...
#.. ####.## #..##
.# PP #.# #.....#
#...# ## P ..
#.###....# #....
P## # ####...#
#..... .P #.#
#.#... .##..#...


There were no monsters in sight!

Action                   |  1- 3 |  4- 6 |  7- 9 || total
-------------------------+-------+-------+-------++-------
Melee: Hand axe          |    30 |       |       ||    30
       War axe           |    55 |   121 |    83 ||   259
Invok: Berserk           |       |       |     1 ||     1
  Use: Scroll            |       |       |     7 ||     7
 Stab: Sleeping          |     2 |       |       ||     2
  Eat: Chunk             |     1 |     5 |     3 ||     9

Notes
Turn   | Place    | Note
--------------------------------------------------------------
     0 | D:1      | Duffy the Vine Stalker Berserker began the quest for the Orb.
     0 | D:1      | Reached XP level 1. HP: 11/11 MP: 2/2
   179 | D:1      | Reached skill level 3 in Axes
   263 | D:1      | Reached XP level 2. HP: 16/16 MP: 3/3
   785 | D:2      | Reached XP level 3. HP: 13/19 MP: 4/4
  1099 | D:2      | Reached skill level 4 in Axes
  1277 | D:2      | Reached ** piety under Trog
  1277 | D:2      | Reached XP level 4. HP: 15/23 MP: 3/5
  1473 | D:3      | Reached skill level 5 in Axes
  1473 | D:3      | Reached XP level 5. HP: 17/27 MP: 6/6
  2357 | D:4      | Noticed Eustachio
  2385 | D:4      | Killed Eustachio
  2385 | D:4      | Reached skill level 6 in Axes
  2385 | D:4      | Gained mutation: You heal very quickly. [Vine Stalker growth]
  2385 | D:4      | Reached XP level 6. HP: 32/32 MP: 7/7
  2416 | D:4      | Found a glowing drain.
  2420 | D:4      | Reached *** piety under Trog
  2492 | Sewer    | Entered a sewer
  2581 | Sewer    | Reached XP level 7. HP: 35/35 MP: 8/8
  2584 | Sewer    | Reached skill level 7 in Axes
  2725 | Sewer    | Reached **** piety under Trog
  3064 | D:4      | Found Poaliem's Magic Scroll Boutique.
  3068 | D:4      | Found Dumma's Weapon Shop.
  3071 | D:4      | Bought a scroll of identify for 24 gold pieces
  3095 | D:4      | Bought a scroll of identify for 24 gold pieces
  3095 | D:4      | Bought a scroll of magic mapping for 42 gold pieces
  3095 | D:4      | Bought a scroll of teleportation for 36 gold pieces
  3095 | D:4      | Bought 2 scrolls of remove curse for 72 gold pieces
  3095 | D:4      | Bought a scroll of remove curse for 36 gold pieces
  3095 | D:4      | Bought a scroll of random uselessness for 12 gold pieces
  3182 | D:4      | Noticed Crazy Yiuf
  3189 | D:4      | Killed Crazy Yiuf
  3308 | D:4      | Quit the game

Vault maps used:
D:1:      saegor_arrival_simple_f
D:3:      first_bread
D:4:      temple_fountains, portal_sewer_entry_a, serial_shops,
          nicolae_shop_stone, shop, fedhas_altar_3, uniq_eustachio,
          uniq_crazy_yiuf_cottage
Sewer:    sewer_minmay_treatment

Vanquished Creatures
  Eustachio
  A big kobold
  A scorpion
  A centaur skeleton Crazy Yiuf
  A quasit
  10 river rats
  8 adders
  An ooze
  3 worms
  2 giant geckos
  An orc
  5 bats
  5 giant cockroaches
  9 goblins
  4 hobgoblins
  9 jackals
  4 quokkas
  5 ball pythons
  4 giant newts
  20 kobolds
  17 rats
113 creatures vanquished.
